 Dungeon Crawl Stone Soup version 0.32-a0-938-g40ac7a0f4d (webtiles) character file.

Game seed: 5123910083289575907

121200 GeoRichter the Carver (level 16, -3/129 HPs)
             Began as a Demonspawn Fire Elementalist on Apr 15, 2024.
             Was an Initiate of Gozag.
             Slain by a salamander (10 damage)
             ... on level 1 of the Snake Pit.
             The game lasted 00:57:27 (31891 turns).

GeoRichter the Carver (DsFE)                       Turns: 31891, Time: 00:57:27

Health: -3/129     AC: 20    Str: 11    XL:     16   Next: 31%
Magic:  26/26      EV:  5    Int: 19    God:    Gozag
Gold:   2272       SH:  5    Dex: 22    Spells: 21/29 levels left

rFire   + + .        b - +2 long sword (holy)
rCold   + . .        (no shield)
rNeg    . . .        D - +5 ring mail of Decompression {Dex+4}
rPois   .            m - +1 hat {Will+}
rElec   +            A - +1 cloak {Will+}
rCorr   +            (no gloves)
SInv    .            d - +2 pair of boots
Will    ++++.        G - amulet of the Present {Reflect rF++ SH+5}
Stlth   ++           q - ring "Fouleab" {Fly rC+ rCorr Int+2 Slay+5}
HPRegen 0.41/turn    B - ring of Quwuanwede {Wiz rElec Will+}
MPRegen 0.20/turn

%: reflection, wizardry (x1)
@: lethally poisoned (-3 -> -16), gold aura, flying, slowed, wreathed by umbra,
constricted, studying Axes, very slow
A: slimy green scales 2, demonic guardian 2, demonic touch 2, foul shadow 3
a: Renounce Religion, Potion Petition, Call Merchant, Bribe Branch


You were on level 1 of the Snake Pit.
You worshipped Gozag.
Gozag was most pleased with you.
You visited 5 branches of the dungeon, and saw 24 of its levels.
You also visited: Sewer, Bailey and Gauntlet.

You collected 8568 gold pieces.
You spent 3646 gold pieces at shops.
You paid 2650 gold pieces to Gozag.

Inventory:

Hand Weapons
 a - a +2 demon blade of venom
   (You took it off a hell knight on level 15 of the Dungeon)
 b - a +2 long sword of holy wrath (weapon)
   (You found it on level 11 of the Dungeon)
 w - the +2 long sword "Giantslayer" {freeze, rF+ rN++ Int+4}
   (You found it on level 5 of the Dungeon)

   Int+4:     It affects your intelligence (+4).
   rF+:       It protects you from fire.
   rN++:      It greatly protects you from negative energy.
Missiles
 h - 4 throwing nets {!f}
 P - 9 curare-tipped darts {!f}
Armour
 d - a +2 pair of boots (worn)
   (You found it in a sewer)
 m - a +1 hat of willpower (worn)
   (You found it in a Gauntlet)
 A - a +1 cloak of willpower (worn)
   (You found it on level 5 of the Dungeon)
 D - the +5 ring mail of Decompression (worn) {Dex+4}
   (You bought it in a shop on level 5 of the Dungeon)

   Dex+4:     It affects your dexterity (+4).
Jewellery
 n - the ring of Negipn {rCorr AC+4}
   (You found it on level 8 of the Dungeon)

   [ring of protection]

   AC+4:      It affects your AC (+4).
   rCorr:     It protects you from acid and corrosion.
 q - the ring "Fouleab" (left hand) {Fly rC+ rCorr Int+2 Slay+5}
   (You bought it in a shop on level 4 of the Lair of Beasts)

   [ring of protection from cold]

   Int+2:     It affects your intelligence (+2).
   Slay+5:    It affects your accuracy & damage with ranged weapons and melee
   (+5).
   rC+:       It protects you from cold.
   Fly:       It grants you flight.
   rCorr:     It protects you from acid and corrosion.
 y - the ring of Hekk {Will- Str+4 Int+3 Slay+4}
   (You found it in a Gauntlet)

   [ring of slaying]

   Str+4:     It affects your strength (+4).
   Int+3:     It affects your intelligence (+3).
   Slay+4:    It affects your accuracy & damage with ranged weapons and melee
   (+4).
   Will-:     It decreases your willpower.
 B - the ring of Quwuanwede (right hand) {Wiz rElec Will+}
   (You bought it in a shop on level 4 of the Lair of Beasts)

   [ring of wizardry]

   Wiz:       It improves your spell success rate.
   rElec:     It insulates you from electricity.
   Will+:     It increases your willpower.
 G - the amulet of the Present (around neck) {Reflect rF++ SH+5}
   (You bought it in a shop on level 4 of the Lair of Beasts)

   [amulet of reflection]

   Reflect:   It reflects blocked missile attacks.
   rF++:      It greatly protects you from fire.
   SH+5:      It affects your SH (+5).
 W - the ring "Zypt" {rC+ rN+++ Str-4}
   (You bought it in a shop on level 3 of the Lair of Beasts)

   [ring of protection from cold]

   Str-4:     It affects your strength (-4).
   rC+:       It protects you from cold.
   rN+++:     It renders you almost immune to negative energy.
Wands
 o - a wand of acid (17)
   (You found it on level 8 of the Dungeon)
 r - a wand of polymorph (14)
   (You found it on level 7 of the Dungeon)
 v - a wand of iceblast (9)
   (You found it on level 4 of the Dungeon)
 x - a wand of mindburst (11)
   (You found it on level 1 of the Lair of Beasts)
 H - a wand of flame (14)
   (You found it on level 5 of the Lair of Beasts)
 K - a wand of charming (15)
   (You found it on level 5 of the Lair of Beasts)
Scrolls
 e - 2 scrolls of enchant armour
 f - 5 scrolls of poison {!r}
 j - 2 scrolls of amnesia
 k - 7 scrolls of teleportation {@r4}
 p - a scroll of noise {!r}
 s - 2 scrolls of blinking
 u - 5 scrolls of vulnerability {!r}
 E - 4 scrolls of enchant weapon
 F - 4 scrolls of summoning
 I - a scroll of fog
 J - 3 scrolls of fear
 Q - 2 scrolls of revelation
 T - a scroll of identify {@r1}
 V - a scroll of silence {unknown}
Potions
 c - 3 potions of attraction {!q}
 g - 2 potions of heal wounds {@q2}
 i - 4 potions of cancellation
 l - a potion of ambrosia
 t - 10 potions of haste {@q3}
 z - 5 potions of enlightenment
 C - 6 potions of curing {@q1}
 N - 5 potions of mutation {!q}
 O - 3 potions of might
 R - a potion of magic
 S - a potion of berserk rage
Miscellaneous
 L - a lightning rod (4/4) {!a}
   (You found it in a Gauntlet)
 M - a phial of floods
   (You found it in a Gauntlet)
 U - a box of beasts
   (You found it in a bailey)


   Skills:
 + Level 12.4 Fighting
 - Level 3.7(9.7) Short Blades
 - Level 13.7(14.0) Long Blades
 - Level 5.0 Armour
 + Level 9.2 Dodging
 - Level 1.7 Stealth
 + Level 7.2 Spellcasting
 * Level 11.1 Conjurations
 - Level 5.4 Fire Magic
 - Level 8.0 Ice Magic
 - Level 6.0 Air Magic
 - Level 6.0 Evocations


You had 21 spell levels left.
You knew the following spells:

 Your Spells              Type           Power      Damage    Failure   Level
a - Foxfire               Conj/Fire      100%       2x1d9     1%          1
b - Scorch                Fire           54%        2d7       1%          2
c - Freezing Cloud        Conj/Ice/Air   19%        6-21      8%          5

Your spell library contained the following spells:

 Spells                   Type           Power      Damage    Failure   Level
 Kiss of Death            Conj/Necr      100%       2d13      1%          1
 Dazzling Flash           Conj/Hex       56%        N/A       2%          3
 Mephitic Cloud           Conj/Alch/Air  28%        N/A       2%          3
 Stone Arrow              Conj/Erth      56%        3d10      2%          3
 Flame Wave               Conj/Fire      38%        2d10      2%          4
 Mercury Vapours          Alch/Air       36%        N/A       4%          2
 Summon Ice Beast         Ice/Summ       22%        N/A       5%          3
 Apportation              Tloc           12%        N/A       9%          1
 Slow                     Hex            24%        N/A       9%          1
 Inner Flame              Hex/Fire       17%        N/A       9%          3
 Volatile Blastmotes      Fire/Tloc      34%        2d12      9%          3
 Jinxbite                 Hex            12%        N/A       13%         2
 Confusing Touch          Hex            6%         N/A       26%         3
 Vampiric Draining        Necr           6%         2d6       26%         3
 Silence                  Hex/Air        9%         N/A       54%         5
 Animate Armour           Summ/Erth      12%        N/A       61%         4
 Dispel Undead            Necr           6%         3d8       61%         4
 Alistair's Intoxication  Alch           4%         N/A       91%         5
 Curse of Agony           Necr           6%         N/A       91%         5
 Summon Mana Viper        Hex/Summ       6%         N/A       91%         5
 Monstrous Menagerie      Summ           3%         N/A       100%        7
 Lehudib's Crystal Spear  Conj/Erth      14%        10d5      100%        8


Dungeon Overview and Level Annotations

Branches:
Dungeon (15/15) Zot: 25061  Temple (1/1) D:5 Zot: 5885    Lair (5/5) D:8 Zot: 20909
  Swamp (0/4) Lair:2        Snake (1/4) Lair:3 Zot: 5906   Slime (0/5) Lair:5
    Orc (2/2) D:11 Zot: 9180     Elf (0/3) Orc:2        Vaults (0/5) D:13
 Depths (0/4) D:15          Sewer (visited)          Bailey (visited)
Gauntlet (visited)

Altars:
Ashenzari
Cheibriados
Dithmenos
Fedhas
Gozag
Hepliaklqana
Kikubaaqudgha
Makhleb
Nemelex Xobeh
Okawaru
Qazlal
Ru
Sif Muna
Trog
Uskayaw
Vehumet
Wu Jian
Xom
Yredelemnul
Beogh

Shops:
D:5 **![   D:8 =   D:15 *   Orc:2 ?[(*   Lair:3 (=   Lair:4 =

Portals:
Trove: D:12 (give 4 potions of resistance)

Annotations:
D:3 1 runed translucent door, Crazy Yiuf
Lair:3 exclusion: oklob plant


Innate Abilities, Weirdness & Mutations

You are mostly covered in slimy green scales. (AC +3)
A demonic guardian rushes to your aid.
Your touch may inflict irresistible damage on your foes.
You are darkly shadowed, frequently releasing foul flame when damaged in melee.


Message History

The anaconda constricts you.
You slash the anaconda!
You touch the anaconda.
The anaconda is heavily wounded.
You block the anaconda's attack. The anaconda constricts you.
The salamander unwields a +0 shortbow of flaming.
It stops flaming.
The salamander hits you!
You are engulfed in flames.
You resist. The naga warrior spits poison at you.
The splash of poison hits you!
You are poisoned.
You have difficulty breathing.
You feel yourself slow down.
The naga mage gestures wildly while chanting.
The naga mage seems to speed up.
The anaconda's grasp on you weakens, but your attempt to escape fails.
You feel extremely sick.
The anaconda bites you but does no damage.
The anaconda constricts you.
* * * LOW HITPOINT WARNING * * *
The anaconda bites you.
* * * LOW HITPOINT WARNING * * *
The anaconda constricts you.
* * * LOW HITPOINT WARNING * * *
A naga sharpshooter comes into view. It is wielding a +0 flail.
The naga warrior hits you with a +0 short sword.
* * * LOW HITPOINT WARNING * * *
The salamander hits you but does no damage.
The anaconda closely misses you. The anaconda constricts you.
* * * LOW HITPOINT WARNING * * *
Okay, then.
As you read the scroll of summoning, it crumbles to dust.
Wisps of shadow whirl around you...
You feel extremely sick. You block the anaconda's attack.
The anaconda constricts you.
* * * LOW HITPOINT WARNING * * *
The naga warrior hits you with a +0 short sword!!
* * * LOW HITPOINT WARNING * * *
A demonic guardian appears!
The salamander hits you but does no damage.
The naga sharpshooter unwields a +0 flail.
The naga sharpshooter wields a +0 shortbow.
The naga sharpshooter shoots an arrow.
The arrow hits your salamander!! The anaconda barely misses you.
The anaconda constricts you.
* * * LOW HITPOINT WARNING * * *
The naga mage is distracted by your dazzling golden aura.
The naga warrior hits you with a +0 short sword!
* * * LOW HITPOINT WARNING * * *
The salamander hits you!
You die...
Your body crumbles into a pile of gold.

#..## ##. #..# . #..
#..# ..#####.. ##.##
........# ##..#
........# ####...#
.....S.3###...N..##
#.....NN.........^#
...$..S@N.....##..#
...N......$.####.....
..#......N.## #..###
###........ ..##
###........ .#
....#......
....####...# ....#
#..# ###


You could see a naga warrior (curare, catching breath, ally target), a naga
sharpshooter, a salamander (strong, ally target), an anaconda (ally target), a
naga mage (fast, strong, unaware), a friendly salamander (summoned), a friendly
soul eater (summoned), a friendly black mamba (summoned) and a friendly naga
(summoned).

Vanquished Creatures
  A minotaur (Gauntlet)
  A fire dragon (D:15)
  6 hydras
  Erolcha (D:13)
  A catoblepas (Lair:4)
  6 centaur warriors
  3 boulder beetles
  2 dancing weapons (D:13)
  3 two-headed ogres
  An occultist (D:15)
  2 hell hogs (Lair:5)
  3 tengu warriors (D:15)
  2 naga sharpshooters
  Sonja (D:12)
  3 hell knights (D:15)
  Nergalle (Lair:1)
  A fire crab (Lair:5)
  A skyshark (Lair:4)
  Amaemon (Lair:3)
  3 salamander mystics (D:15)
  An arcanist (Gauntlet)
  A bog body (Lair:2)
  A lindwurm (Lair:5)
  An obsidian bat (Orc:2)
  Pikel (D:5)
  6 orc knights
  4 orc sorcerers (Orc:2)
  3 deep elf pyromancers
  11 ugly things
  3 cyclopes
  A salamander (shapeshifter) (D:15)
  A manticore (D:14)
  2 salamanders
  8 black mambas
  Maurice (Orc:1)
  3 elephants (Lair:2)
  3 molten gargoyles (Lair:5)
  A kobold blastminer (Orc:1)
  A naga mage (Snake:1)
  2 gargoyles
  15 cane toads
  A minotaur zombie (Gauntlet)
  A torpor snail (Lair:4)
  A rime drake (Lair:4)
  An orange demon (Lair:3)
  12 komodo dragons
  2 efreet
  2 kobold demonologists
  An ice devil (Gauntlet)
  9 trolls
  The ghost of topfpfpflanze the Ducker, a novice FeSh of Gozag (D:7)
  4 polar bears
  A raiju (Gauntlet)
  21 blink frogs
  5 dream sheep (Lair:4)
  14 slime creatures
  A water elemental (D:14)
  2 wraiths
  10 wyverns
  72 yaks
  A vampire (Bailey)
  3 shadows
  6 basilisks
  6 steam dragons
  9 wargs
  Menkaure (D:5)
  16 vampire mosquitoes
  A swamp worm (Lair:2)
  2 nagas
  4 acid dragons
  4 hell hounds (Lair:5)
  10 water moccasins
  3 ice beasts
  2 black bears (Lair:2)
  34 orc warriors
  16 centaurs
  5 ogres
  13 wolves
  3 phantoms
  2 kobold brigands
  Blork the orc (D:4)
  A gnoll sergeant (D:11)
  21 bullfrogs
  3 scorpions
  15 wights
  A hornet simulacrum (D:14)
  6 killer bees (D:8)
  4 wolf zombies (Bailey)
  6 electric eels
  A howler monkey (D:8)
  9 vampire bats (Bailey)
  A bullfrog zombie (D:5)
  8 lava snakes
  A gnoll bouda (D:6)
  4 hounds
  13 orc priests
  2 jellies
  A bullfrog skeleton (D:5)
  3 sleepcaps
  Jessica (D:3)
  4 iguanas
  23 orc wizards
  A scorpion zombie (D:5)
  10 gnolls
  16 adders
  3 river rats
  5 white imps
  2 ufetubi (D:5)
  An adder skeleton (D:5)
  An adder zombie (D:5)
  10 ribbon worms (D:3)
  A dart slug (D:4)
  109 orcs
  14 ball pythons
  6 endoplasms
  3 giant cockroaches
  8 goblins
  6 hobgoblins
  4 jackals (D:3)
  13 kobolds
  4 quokkas
  7 bats
  3 frilled lizards
  21 orc zombies (Bailey)
  26 rats
818 creatures vanquished.

Vanquished Creatures (collateral kills)
  An orc warlord (Orc:1)
  A tengu warrior (D:15)
  A kobold blastminer (Orc:1)
  A komodo dragon (Lair:5)
  3 blink frogs (Lair:4)
  A slime creature (D:14)
  A yak (Lair:4)
  An acid dragon (D:10)
  2 water moccasins
  An orc warrior (Orc:2)
  A wight (D:7)
  An electric eel (D:14)
  A bullfrog skeleton (D:5)
  An orc wizard (D:10)
  2 orcs
  3 foxfires
22 creatures vanquished.

Vanquished Creatures (others)
  A shadow imp (Gauntlet)
  An orc (Orc:2)
  730 foxfires
732 creatures vanquished.

Grand Total: 1572 creatures vanquished

Notes
Turn   | Place    | Note
-------+----------+-------------------------------------------
     0 | D:1      | GeoRichter the Demonspawn Fire Elementalist began the quest
                  | for the Orb.
     0 | D:1      | Reached XP level 1. HP: 13/13 MP: 3/3
   233 | D:1      | Gained mutation: You are faintly shadowed, very rarely
                  | releasing foul flame when damaged in melee. [demonic
                  | ancestry]
   233 | D:1      | Reached XP level 2. HP: 19/19 MP: 3/5
   553 | D:1      | Found a faded altar of an unknown god.
   915 | D:1      | Gained mutation: You are shadowed, sometimes releasing foul
                  | flame when damaged in melee. [demonic ancestry]
   915 | D:1      | Reached XP level 3. HP: 24/24 MP: 3/6
  1981 | D:3      | Learned a level 2 spell: Scorch
  2044 | D:3      | Gained mutation: Your touch may inflict minor irresistible
                  | damage on your foes. [demonic ancestry]
  2044 | D:3      | Reached XP level 4. HP: 27/30 MP: 1/8
  2046 | D:3      | Noticed Jessica
  2071 | D:3      | Killed Jessica
  2157 | D:3      | Found a glowing drain.
  2214 | Sewer    | Entered a sewer
  2253 | Sewer    | Gained mutation: A weak demonic guardian rushes to your
                  | aid. [demonic ancestry]
  2253 | Sewer    | Reached XP level 5. HP: 35/35 MP: 3/9
  2688 | Sewer    | Gained mutation: You are darkly shadowed, frequently
                  | releasing foul flame when damaged in melee. [demonic
                  | ancestry]
  2688 | Sewer    | Reached XP level 6. HP: 36/41 MP: 6/11
  3136 | D:3      | Found a runed translucent door.
  3137 | D:3      | Noticed Crazy Yiuf
  3655 | D:4      | Noticed Blork the orc
  3662 | D:4      | Killed Blork the orc
  3853 | D:4      | Reached skill level 5 in Fire Magic
  3853 | D:4      | Reached XP level 7. HP: 46/46 MP: 7/13
  4427 | D:4      | Found a hazy altar of Hepliaklqana.
  4576 | D:5      | Entered Level 5 of the Dungeon
  4576 | D:5      | Noticed Pikel
  4579 | D:5      | Killed Pikel
  4580 | D:5      | Reached XP level 8. HP: 57/57 MP: 14/14
  4684 | D:5      | Identified the +2 long sword "Giantslayer" {freeze, rF+
                  | rN++ Int+4}
  4697 | D:5      | Found Ciep's Distillery.
  4784 | D:5      | Reached skill level 1 in Long Blades
  4862 | D:5      | Reached skill level 2 in Long Blades
  5082 | D:5      | Reached skill level 3 in Long Blades
  5167 | D:5      | Found Irobiodob's General Store.
  5203 | D:5      | Found Oroptetz's Assorted Antiques.
  5211 | D:5      | Bought a scroll of identify for 50 gold pieces
  5211 | D:5      | Bought a scroll of identify for 50 gold pieces
  5226 | D:5      | Noticed Menkaure
  5229 | D:5      | Killed Menkaure
  5230 | D:5      | Reached skill level 4 in Long Blades
  5321 | D:5      | Found a staircase to the Ecumenical Temple.
  5461 | Temple   | Entered the Ecumenical Temple
  5537 | Temple   | Became a worshipper of Gozag Ym Sagoz the Greedy
  5675 | D:5      | Found Omiet's Antique Armour Boutique.
  6073 | D:6      | Reached skill level 5 in Long Blades
  6481 | D:6      | Gained mutation: You are partially covered in slimy green
                  | scales. (AC +2) [demonic ancestry]
  6481 | D:6      | Reached XP level 9. HP: 53/62 MP: 15/15
  6497 | D:6      | Reached skill level 6 in Long Blades
  6866 | D:5      | Bought a steaming ring mail for 261 gold pieces
  6866 | D:5      | Identified the +5 ring mail of Decompression {Dex+4} (You
                  | bought it in a shop on level 5 of the Dungeon)
  7204 | D:7      | Reached skill level 7 in Long Blades
  7328 | D:7      | Found a transporter.
  7410 | D:7      | Found a transporter.
  7448 | D:7      | Noticed topfpfpflanze's ghost (novice FeSh)
  7595 | D:7      | Reached skill level 8 in Long Blades
  7963 | D:7      | You fall into a shaft and drop 1 floor!
  8034 | D:8      | Found a flagged portal.
  8066 | Bailey   | Entered a bailey
  8150 | Bailey   | Noticed a gargoyle
  8178 | Bailey   | Killed a gargoyle
  8520 | Bailey   | Reached skill level 9 in Long Blades
  8621 | Bailey   | Reached XP level 10. HP: 67/73 MP: 4/16
  8712 | Bailey   | Identified the +3 scale mail "Liwajet" {Rampage}
  9455 | D:8      | Found a staircase to the Lair.
  9498 | D:8      | Found Seyz's Jewellery Emporium.
  9519 | D:8      | Reached skill level 1 in Evocations
  9538 | D:8      | Reached skill level 5 in Fighting
  9663 | D:8      | Identified the ring of Negipn {rCorr AC+4}
 10215 | D:9      | Reached skill level 10 in Long Blades
 10726 | D:9      | Reached skill level 11 in Long Blades
 10769 | D:9      | Reached XP level 11. HP: 68/83 MP: 17/17
 11095 | D:10     | Entered Level 10 of the Dungeon
 11470 | D:10     | Reached skill level 5 in Evocations
 12195 | D:7      | Killed topfpfpflanze's ghost
 12408 | Lair:1   | Entered Level 1 of the Lair of Beasts
 12489 | Lair:1   | Reached skill level 12 in Long Blades
 12688 | Lair:1   | Noticed Nergalle
 13298 | Lair:1   | Reached skill level 1 in Armour
 13361 | Lair:1   | Killed Nergalle
 14048 | Lair:2   | Gained mutation: A demonic guardian rushes to your aid.
                  | [demonic ancestry]
 14048 | Lair:2   | Reached XP level 12. HP: 93/93 MP: 4/18
 14200 | Lair:2   | Reached skill level 13 in Long Blades
 15150 | Lair:2   | Found a staircase to the Swamp.
 15258 | Lair:3   | Noticed a four-headed hydra
 15764 | Lair:3   | Found a staircase to the Snake Pit.
 15775 | Lair:3   | Reached skill level 5 in Armour
 15787 | Lair:3   | Reached skill level 10 in Fighting
 15991 | Lair:3   | Noticed Amaemon
 16015 | Lair:3   | Killed Amaemon
 16318 | Lair:3   | Killed an 11-headed hydra
 16319 | Lair:3   | Reached XP level 13. HP: 99/105 MP: 14/19
 17121 | Lair:3   | Learned a level 5 spell: Freezing Cloud
 17677 | Lair:4   | Found a gate leading to a gauntlet.
 17684 | Gauntlet | Entered a Gauntlet
 17684 | Gauntlet | Found a transporter.
 17684 | Gauntlet | Found a transporter.
 17693 | Gauntlet | Found a transporter.
 17703 | Gauntlet | Found a transporter.
 17718 | Gauntlet | Found a transporter.
 17730 | Gauntlet | Found a transporter.
 17743 | Gauntlet | Found a transporter.
 17749 | Gauntlet | Found a transporter.
 17771 | Gauntlet | Found a transporter.
 17800 | Gauntlet | Found a transporter.
 17800 | Gauntlet | Found a transporter.
 17801 | Gauntlet | Found a transporter.
 17999 | Gauntlet | Gained mutation: Your touch may inflict irresistible damage
                  | on your foes. [demonic ancestry]
 17999 | Gauntlet | Reached XP level 14. HP: 113/113 MP: 20/20
 18071 | Gauntlet | Identified the ring of Hekk {Will- Str+4 Int+3 Slay+4}
 18105 | Gauntlet | Identified the +4 bardiche "Mucoips" {flame, rF+ Will-
                  | Int+2 Dex+2}
 18116 | Gauntlet | Reached skill level 1 in Ice Magic
 18116 | Gauntlet | Reached skill level 1 in Air Magic
 18355 | Gauntlet | Identified the staff "Wingut" {rN+ Conj Necro Earth}
 18667 | Lair:4   | Reached skill level 5 in Spellcasting
 18681 | Lair:4   | Reached skill level 5 in Conjurations
 20113 | Lair:5   | Entered Level 5 of the Lair of Beasts
 20113 | Lair:5   | Found a staircase to the Slime Pits.
 20122 | Lair:4   | Bought the ring of Quwuanwede {Wiz rElec Will+} for 694
                  | gold pieces
 20122 | Lair:4   | Bought the amulet of the Present {Reflect rF++ SH+5} for
                  | 763 gold pieces
 20130 | Lair:4   | Bought the ring "Fouleab" {Fly rC+ rCorr Int+2 Slay+5} for
                  | 908 gold pieces
 20856 | Lair:5   | Reached skill level 5 in Ice Magic
 20865 | Lair:5   | Reached skill level 5 in Air Magic
 21285 | Lair:5   | Found a large runed translucent door.
 21285 | Lair:5   | Found a large runed translucent door.
 22044 | D:11     | Reached XP level 15. HP: 116/118 MP: 22/22
 22316 | D:11     | Found a staircase to the Orcish Mines.
 23237 | D:12     | Found a portal to a secret trove of treasure.
 23346 | D:12     | Noticed Sonja
 23361 | D:12     | Killed Sonja
 23887 | Orc:1    | Entered Level 1 of the Orcish Mines
 23887 | Orc:1    | Found a roughly hewn altar of Beogh.
 24524 | Orc:2    | Entered Level 2 of the Orcish Mines
 24796 | Orc:2    | Found a staircase to the Elven Halls.
 26024 | Orc:2    | Found a roughly hewn altar of Beogh.
 26029 | Orc:2    | Found Xupyklyd's Assorted Antiques.
 26125 | Orc:2    | Found Ijaj's Antique Weapon Shoppe.
 26150 | Orc:2    | Found Tudikex's Magic Scroll Shoppe.
 26158 | Orc:2    | Bought a scroll of blinking for 97 gold pieces
 26158 | Orc:2    | Bought a scroll of summoning for 123 gold pieces
 26158 | Orc:2    | Bought a scroll of summoning for 123 gold pieces
 26167 | Orc:2    | Found Utyazoeck's Armour Emporium.
 26240 | Orc:2    | Found a roughly hewn altar of Beogh.
 26664 | Orc:1    | Noticed Maurice
 26668 | Orc:1    | Killed Maurice
 27388 | D:13     | Found a gate to the Vaults.
 27475 | D:13     | Noticed Erolcha
 27481 | D:13     | Killed Erolcha
 28571 | D:14     | Reached skill level 10 in Conjurations
 28929 | D:14     | Gained mutation: You are mostly covered in slimy green
                  | scales. (AC +3) [demonic ancestry]
 28929 | D:14     | Reached XP level 16. HP: 113/127 MP: 25/25
 29256 | D:15     | Entered Level 15 of the Dungeon
 29528 | D:15     | Found a stormy altar of Qazlal.
 30250 | D:15     | Found Koicuvic's General Store.
 30254 | D:15     | Bought a potion of curing for 42 gold pieces
 30940 | D:15     | Found a staircase to the Depths.
 31270 | Snake:1  | Entered Level 1 of the Snake Pit
 31815 | Lair:3   | Bought the ring "Zypt" {rC+ rN+++ Str-4} for 535 gold
                  | pieces
 31891 | Snake:1  | Slain by a salamander

Illustrated notes

Levels and vault maps discovered:
D:1:      scummos_arrival_hexagon, layout_loops_ring,
          hellmonk_ecumenical_altar_prayer_group, minmay_tromino_mix6
D:2:      layout_basic, minmay_misc_feat_five, corexii_leaking_fountain,
          kennysheep_crisscross, kennysheep_generic_room_14
D:3:      layout_rooms, lightli_sewer_entry_pipes, uniq_jessica,
          uniq_crazy_yiuf_cottage
D:4:      layout_cave_pools, jmf_multi_god_temple2, uniq_blork_the_orc
D:5:      layout_basic, minmay_temple_entry_enclosed_plants, serial_undead,
          serial_undead_e, serial_undead_a, serial_undead_e, serial_undead_f,
          serial_shops, nicolae_shop_temple_entry_statues_fountains, shop, shop,
          shop, uniq_menkaure, uniq_pikel
D:6:      layout_loops_corners, hangedman_abyss_or_decor_jellyfish_corner
D:7:      layout_basic, nzn_ghost_randoct
D:8:      layout_basic, lair_entry_dummy, enter_bailey_2, serial_shops,
          nicolae_shop_hallway_stairs
D:9:      layout_roguey
D:10:     layout_irregular_city
D:11:     layout_loops_cross, orc_0_dummy, serial_bayou_pond_c, grunt_tough_drop
D:12:     layout_cave_pods, enter_trove_1, evilmike_butchery, uniq_sonja
D:13:     layout_basic, erik_vaults_1, uniq_erolcha
D:14:     layout_roguey, kennysheep_boxes
D:15:     regret_index_pyroclastic, layout_basic,
          nicolae_qazlal_general_emergency, serial_shops, shop,
          serial_corexii_hall, chequers_hall_statues_corner_a,
          corexii_hall_statues_s, serial_bayou_crossing
Temple:   mainiacjoe_temple_big_plus
Lair:1:   layout_chaotic_city, grunt_megastairs_2, uniq_nergalle
Lair:2:   layout_roguey, nicolae_swamp_entry_splash_gauntlet,
          chequers_serial_rivers_micro_a, chequers_serial_rivers_micro_c
Lair:3:   layout_regular_city, nicolae_snake_entry_warm_welcome, minivault_27,
          st_stairs_3, uniq_amaemon
Lair:4:   layout_concentric_octagons, gauntlet_entry_generic
Lair:5:   cheibrodos_lair_end_hotspot, layout_long_grid, slime_entry_1
Snake:1:  layout_layer_cave, nicolae_specific_store
Orc:1:    layout_diamond_mine, basic_altar, blackcustard_rock_pile, uniq_maurice
Orc:2:    st_orc_town, layout_caves, basic_altar

Skill      XL: |  1  2  3  4  5  6  7  8  9 10 11 12 13 14 15 16 |
---------------+-------------------------------------------------+-----
Conjurations   | 2 3 4 6 10 11 | 11.1
Spellcasting   | 3 4 5 6 7 |  7.2
Fire Magic     | 3 5 |  5.4
Fighting       | 2 4 6 8 10 11 12 | 12.4
Short Blades   | 3 |  3.7
Long Blades    | 5 9 11 12 13 | 13.7
Evocations     | 4 6 |  6.0
Armour         | 1 5 |  5.0
Dodging        | 2 7 8 9 |  9.2
Ice Magic      | 6 8 |  8.0
Air Magic      | 6 |  6.0
Stealth        | |  1.7

Action                     |  1- 3 |  4- 6 |  7- 9 | 10-12 | 13-15 | 16-18 || total
---------------------------+-------+-------+-------+-------+-------+-------++-------
  Melee: Unarmed           |     6 |       |       |       |       |       ||     6
         Dagger            |     5 |    17 |     3 |       |       |       ||    25
         Touch             |       |     4 |    32 |   133 |   227 |    37 ||   433
         Long sword        |       |       |   178 |   562 |   973 |   136 ||  1849
         Demon blade       |       |       |       |       |       |    11 ||    11
   Cast: Foxfire           |    63 |    64 |    57 |   106 |   135 |     1 ||   426
         Scorch            |       |    34 |    47 |    80 |   105 |       ||   266
         Freezing Cloud    |       |       |       |       |    20 |     4 ||    24
 Invoke: Call Merchant     |       |       |       |       |     1 |     2 ||     3
  Evoke: Wand              |       |       |     4 |       |     3 |       ||     7
    Use: Scroll            |     3 |     4 |     7 |     9 |     6 |     4 ||    33
         Potion            |       |     2 |       |     4 |     2 |     2 ||    10
   Stab: Sleeping          |       |       |     3 |     1 |       |     2 ||     6
         Distracted        |       |       |     2 |     6 |    10 |     1 ||    19
 Armour: Robe              |    12 |    10 |    63 |       |       |       ||    85
         Ring mail         |       |       |    84 |   513 |   589 |   135 ||  1321
  Dodge: Dodged            |    13 |    18 |   127 |   286 |   606 |    81 ||  1131
  Block: Other             |       |       |       |       |   145 |    28 ||   173
         Reflection        |       |       |       |       |    12 |     2 ||    14

Table legend: (Time is in decaauts)
 A = Elapsed time spent in this place.
 B = Non-inter-level travel time spent in this place.
 C = Inter-level travel time spent in this place.
 D = Time resting spent in this place.
 E = Time spent auto-exploring this place.
 F = Levels seen in this place.
 G = Mean time per level.
                   A        B        C        D        E       F      G
               +--------+--------+--------+--------+--------+-----+--------+
         Total |  31555 |  30264 |   1291 |   2569 |  21518 |  27 | 1168.7 |
       Dungeon |  17028 |  16124 |    904 |    702 |  12352 |  15 | 1135.2 |
        Temple |    114 |     77 |     37 |      0 |      0 |   1 |  114.0 |
          Lair |   9090 |   8793 |    297 |    832 |   6399 |   5 | 1818.0 |
     Snake Pit |     92 |     92 |      0 |      0 |     32 |   1 |   92.0 |
  Orcish Mines |   2820 |   2769 |     51 |    650 |   1320 |   2 | 1410.0 |
         Sewer |    595 |    595 |      0 |      0 |    476 |   1 |  595.0 |
        Bailey |    969 |    969 |      0 |      0 |    682 |   1 |  969.0 |
      Gauntlet |    844 |    844 |      0 |    385 |    257 |   1 |  844.0 |
               +--------+--------+--------+--------+--------+-----+--------+

Top non-repeatable levels by time:
  Lair:3: 2886 daAuts
    D:15: 1799 daAuts
   Orc:1: 1770 daAuts
  Lair:1: 1711 daAuts
  Lair:5: 1675 daAuts
  Lair:4: 1646 daAuts
     D:7: 1409 daAuts
    D:13: 1298 daAuts
     D:5: 1239 daAuts
     D:6: 1234 daAuts
  Lair:2: 1171 daAuts
     D:3: 1149 daAuts
    D:12: 1121 daAuts
    D:14: 1117 daAuts
     D:9: 1094 daAuts
